 Dungeon Crawl Stone Soup version 0.19-a0-1097-g38e3b35 (webtiles) character file.

15339 Ijustatesigmund the Basher (level 12, 86/95 HPs)
             Began as a Demonspawn Fighter on Aug 8, 2016.
             Quit the game on level 11 of the Dungeon.
             The game lasted 00:28:22 (10363 turns).

Ijustatesigmund the Basher (Demonspawn Fighter)    Turns: 10363, Time: 00:28:23

Health: 86/95      AC: 26    Str: 18    XL:     12   Next: 0%
Magic:  10/12      EV:  8    Int: 10    God:
Gold:   573        SH: 14    Dex: 21    Spells: 0 memorised, 11 levels left

rFire  . . .     SeeInvis +     x - +4 flail (protect)
rCold  . . .     Gourm    .     r - +0 plate armour
rNeg   . . .     Faith    .     c - +0 shield
rPois  +         Spirit   +     j - +0 helmet
rElec  .         Dismiss  .     L - +2 cloak {rPois}
rCorr  .         Reflect  .     (no gloves)
SustAt .         Harm     .     (boots unavailable)
MR     .....                    (no amulet)
Stlth  ..........               l - ring of see invisible
                                W - +5 ring of dexterity

@:
A: talons 3, large bone plates 2, powered by pain 2, magic shield, magic
regeneration, magic link
a: no special abilities


You were on level 11 of the Dungeon.
You were not hungry.

You visited 2 branches of the dungeon, and saw 12 of its levels.

You collected 573 gold pieces.

Inventory:

Hand Weapons
 w - a +3 flail of venom
 x - a +4 flail of protection (weapon)
Missiles
 o - 6 throwing nets (quivered)
 T - 7 javelins
Armour
 c - a +0 shield (worn)
 h - a +1 pair of boots
 j - a +0 helmet (worn)
 r - a +0 plate armour (worn)
 L - a +2 cloak of poison resistance (worn)
Jewellery
 b - a +2 ring of strength
 k - an uncursed ring of fire
 l - a ring of see invisible (right hand)
 z - an uncursed ring of stealth
 J - an uncursed amulet of faith
 W - a +5 ring of dexterity (left hand)
Wands
 i - a wand of lightning (12/15)
 s - a wand of slowing (45/48)
 A - a wand of polymorph (9/24)
 E - a wand of paralysis (9/24)
 H - a wand of disintegration (9/24)
 R - a wand of acid (9/15)
Scrolls
 a - 3 scrolls of recharging
 e - 4 scrolls of remove curse
 p - a scroll of magic mapping
 u - 3 scrolls of amnesia
 y - a scroll of immolation
 O - a scroll of fear
 U - a scroll of teleportation
Potions
 g - 2 potions of agility
 m - 2 potions of heal wounds
 n - 2 potions of haste
 q - 2 potions of lignification
 t - 2 potions of cancellation
 v - 5 potions of flight
 B - 2 potions of resistance
 D - 2 potions of might
 F - a potion of berserk rage
 G - a potion of magic
 P - 2 potions of curing
 S - a potion of degeneration {unknown}
Comestibles
 d - 6 chunks of flesh
 f - 8 bread rations
 C - 4 meat rations


   Skills:
 + Level 9.2 Fighting
 * Level 11.4 Maces & Flails
 - Level 7.4 Armour
 - Level 6.6 Dodging
 - Level 7.2 Shields


You had 11 spell levels left.
You didn't know any spells.

Dungeon Overview and Level Annotations

Branches:
Dungeon (11/15)            Temple (1/1) D:7            Lair (0/6) D:11
    Orc (0/2) D:9

Altars:
Ashenzari
Cheibriados
Dithmenos
Elyvilon
Fedhas
Gozag
Hepliaklqana
Kikubaaqudgha
Makhleb
Nemelex Xobeh
Okawaru
Pakellas
Qazlal
Ru
Sif Muna
Trog
Uskayaw
Vehumet
Xom
Yredelemnul
Zin
The Shining One


Innate Abilities, Weirdness & Mutations

You have claws for feet.
You are mostly covered in large bone plates. (AC +3, SH +3)
You sometimes gain power by taking damage.
When hurt, damage is shared between your health and your magic reserves.
You regenerate magic rapidly.
When low on magic, you restore magic in place of health.


Message History

Your plate armour prevents you from hitting the hill giant.
Your kick misses the hill giant.
The hill giant is almost dead.
The hill giant hits you with a giant club.
You hit the hill giant but do no damage.
You claw the hill giant, but do no damage.
The hill giant is almost dead.
The hill giant hits you but does no damage.
Your shield prevents you from hitting the hill giant.
You claw the hill giant.
The hill giant is almost dead.
You hit the hill giant. You claw the hill giant.
You kill the hill giant!
You have reached level 12!
Your experience leads to an increase in your attributes!
Your base attributes are Str 17, Int 9, Dex 16.
Increase (S)trength, (I)ntelligence, or (D)exterity?
You feel stronger.
You feel clever.
Your demonic ancestry asserts itself...
You feel your life force and your magical essence meld.
Are you sure you want to abandon this character and quit the game? (Confirm with "yes".)

############
......)@...#
###..#####.#
# ..##.# ##
#. #.##.# .#
+..##.##.#
## #.......#
####.####
### ###
####.# #
#.####.#
#....#


There were no monsters in sight!

Vanquished Creatures
  Erica (D:10)
  The ghost of Ijustatesigmund the Cudgeler, a novice DsFi (D:7)
  5 hill giants
  Pikel (D:4)
  A deep elf mage (D:8)
  2 ugly things (D:11)
  2 cyclopes (D:11)
  Maurice (D:8)
  Psyche (D:8)
  A gargoyle (D:11)
  A centaur skeleton (D:8)
  4 trolls
  Grinder (D:6)
  4 two-headed ogres
  Sigmund (D:5)
  Eustachio (D:4)
  2 hungry ghosts
  A hill giant zombie (D:9)
  Grum (D:10)
  A hippogriff (D:8)
  Menkaure (D:6)
  Edmund (D:5)
  2 orc warriors
  2 wasps
  3 ice beasts
  A slave (D:4)
  7 phantoms
  2 sky beasts
  2 wolves (D:10)
  3 ogres
  4 centaurs
  6 giant frogs
  A scorpion (D:10)
  2 troll zombies (D:9)
  5 killer bees (D:7)
  5 howler monkeys
  4 wights (D:10)
  2 vampire bats (D:6)
  7 crimson imps
  2 giant frog zombies
  A jelly (D:5)
  A quasit (D:8)
  A wasp zombie (D:10)
  6 hounds
  A gnoll shaman (D:6)
  Crazy Yiuf (D:2)
  3 orc priests
  8 orc wizards
  7 worker ants
  Natasha (thrice) (D:2)
  6 iguanas
  5 ogre zombies (D:9)
  A hound skeleton (D:8)
  A worker ant zombie (D:9)
  15 gnolls
  A howler monkey skeleton (D:10)
  14 adders
  4 shadow imps
  3 adder zombies
  2 adder skeletons
  2 worms
  4 dart slugs
  4 giant geckos
  36 orcs
  A ball python (D:5)
  2 giant cockroaches
  12 goblins
  3 hobgoblins
  12 jackals
  10 kobolds
  8 quokkas
  9 bats
  A giant gecko skeleton (D:6)
  4 giant newts
  A goblin skeleton (D:9)
  3 goblin zombies (D:9)
  3 hobgoblin skeletons (D:9)
  A hobgoblin zombie (D:9)
  2 jackal skeletons
  2 orc skeletons (D:9)
  15 orc zombies (D:9)
  A quokka skeleton (D:9)
  2 quokka zombies
  8 rats
  3 plants (D:4)
328 creatures vanquished.

Vanquished Creatures (others)
  2 slaves (D:4)
  A giant frog (D:4)
  An orc wizard (D:8)
4 creatures vanquished.

Grand Total: 332 creatures vanquished

Notes
Turn   | Place    | Note
-------+----------+-------------------------------------------
     0 | D:1      | Ijustatesigmund the Demonspawn Fighter began the quest for the Orb.
     0 | D:1      | Reached XP level 1. HP: 18/18 MP: 1/1
    36 | D:1      | Reached skill level 2 in Maces & Flails
   134 | D:1      | Gained mutation: You have sharp toenails. [demonic ancestry]
   134 | D:1      | Reached XP level 2. HP: 24/24 MP: 2/2
   267 | D:1      | You fall through a shaft!
   267 | D:2      | Noticed Natasha
   272 | D:2      | Killed Natasha
   272 | D:2      | Reached skill level 3 in Maces & Flails
   272 | D:2      | Gained mutation: You have razor-sharp toenails. [demonic ancestry]
   272 | D:2      | Reached XP level 3. HP: 29/29 MP: 3/3
   739 | D:2      | Found a snail-covered altar of Cheibriados.
   771 | D:2      | Gained mutation: You are partially covered in large bone plates. (AC +2, SH +2) [demonic ancestry]
   771 | D:2      | Reached XP level 4. HP: 15/36 MP: 4/4
   953 | D:2      | Noticed Natasha
   964 | D:2      | Killed Natasha
  1033 | D:2      | Noticed Natasha
  1050 | D:2      | Killed Natasha
  1464 | D:2      | Found a runed door.
  1469 | D:2      | Noticed Crazy Yiuf
  1477 | D:2      | Killed Crazy Yiuf
  1477 | D:2      | Reached skill level 4 in Maces & Flails
  1477 | D:2      | Gained mutation: You are mostly covered in large bone plates. (AC +3, SH +3) [demonic ancestry]
  1477 | D:2      | Reached XP level 5. HP: 38/42 MP: 5/5
  2418 | D:4      | Noticed Pikel
  2418 | D:4      | Noticed a slave
  2418 | D:4      | Noticed a slave
  2418 | D:4      | Noticed a slave
  2418 | D:4      | Noticed a slave
  2425 | D:4      | Killed a slave
  2429 | D:4      | Gained mutation: When hurt, damage is shared between your health and your magic reserves. [demonic ancestry]
  2429 | D:4      | Reached XP level 6. HP: 37/48 MP: 6/6
  2431 | D:4      | Noticed a sky beast
  2440 | D:4      | Killed Pikel
  2440 | D:4      | Gained mutation: You sometimes gain a little power by taking damage. [demonic ancestry]
  2440 | D:4      | Reached XP level 7. HP: 30/54 MP: 7/7
  2853 | D:4      | Found a shattered altar of Ashenzari.
  2976 | D:4      | Noticed Eustachio
  2997 | D:5      | Entered Level 5 of the Dungeon
  3012 | D:5      | Noticed Sigmund
  3043 | D:5      | Killed Sigmund
  3043 | D:5      | Gained mutation: You have claws for feet. [demonic ancestry]
  3043 | D:5      | Reached XP level 8. HP: 55/60 MP: 8/8
  3069 | D:5      | Reached skill level 5 in Armour
  3135 | D:4      | Killed Eustachio
  3135 | D:4      | Reached skill level 5 in Shields
  3808 | D:5      | Noticed Edmund
  3821 | D:5      | Killed Edmund
  3821 | D:5      | Reached skill level 5 in Dodging
  4280 | D:6      | Gained mutation: You sometimes gain power by taking damage. [demonic ancestry]
  4280 | D:6      | Reached XP level 9. HP: 65/65 MP: 9/9
  4307 | D:6      | Noticed Grinder
  4315 | D:6      | Killed Grinder
  4353 | D:6      | Found a stormy altar of Qazlal.
  4505 | D:6      | Noticed Menkaure
  4512 | D:6      | Killed Menkaure
  4888 | D:7      | Noticed Ijustatesigmund's ghost (novice DsFi)
  4947 | D:7      | Killed Ijustatesigmund's ghost
  4991 | D:7      | Found a staircase to the Ecumenical Temple.
  5233 | Temple   | Entered the Ecumenical Temple
  5496 | D:7      | Reached skill level 5 in Maces & Flails
  5779 | D:7      | Reached XP level 10. HP: 73/73 MP: 10/10
  6218 | D:8      | Noticed Psyche
  6232 | D:8      | Killed Psyche
  6403 | D:8      | Noticed Maurice
  6413 | D:8      | Reached skill level 5 in Fighting
  6442 | D:8      | Killed Maurice
  6442 | D:8      | Reached skill level 6 in Maces & Flails
  6570 | D:8      | Found a shadowy altar of Dithmenos.
  6635 | D:8      | Noticed a deep elf mage
  6644 | D:8      | Killed a deep elf mage
  6657 | D:8      | Got a faintly glowing trident
  6877 | D:8      | Reached skill level 7 in Maces & Flails
  7453 | D:9      | Found a staircase to the Orcish Mines.
  7549 | D:9      | Reached skill level 8 in Maces & Flails
  7692 | D:9      | Found a deep blue altar of Sif Muna.
  7777 | D:9      | Found a shattered altar of Ashenzari.
  8263 | D:10     | Entered Level 10 of the Dungeon
  8274 | D:10     | Noticed Erica
  8304 | D:10     | Killed Erica
  8304 | D:10     | Reached skill level 9 in Maces & Flails
  8304 | D:10     | Gained mutation: You regenerate magic rapidly. [demonic ancestry]
  8304 | D:10     | Reached XP level 11. HP: 62/84 MP: 11/11
  8534 | D:10     | Noticed Grum
  8555 | D:10     | Killed Grum
  8850 | D:10     | Noticed a hill giant
  8864 | D:10     | Killed a hill giant
  9193 | D:10     | Identified the +2 trident "Qioje" {pierce, MR+} (You found it on level 8 of the Dungeon)
  9213 | D:10     | Found a stormy altar of Qazlal.
  9576 | D:11     | Noticed a purple ugly thing
  9588 | D:11     | Killed a purple ugly thing
  9588 | D:11     | Reached skill level 10 in Maces & Flails
  9591 | D:11     | Noticed a brown ugly thing
  9611 | D:11     | Killed a brown ugly thing
  9640 | D:11     | Found a bloodstained altar of Trog.
  9655 | D:11     | Noticed a hill giant
  9664 | D:11     | Killed a hill giant
  9964 | D:11     | Noticed a hill giant
  9973 | D:11     | Killed a hill giant
  9973 | D:11     | Reached skill level 11 in Maces & Flails
 10260 | D:11     | Found a staircase to the Lair.
 10297 | D:11     | Noticed a hill giant
 10309 | D:11     | Killed a hill giant
 10350 | D:11     | Noticed a hill giant
 10362 | D:11     | Killed a hill giant
 10362 | D:11     | Gained mutation: When low on magic, you restore magic in place of health. [demonic ancestry]
 10362 | D:11     | Reached XP level 12. HP: 86/95 MP: 10/12
 10363 | D:11     | Quit the game

Vault maps used:
D:1:      elethiomel_arrival_maze
D:2:      kennysheep_slug_shrine, serial_forest, infiniplex_forest_clump_curved,
          infiniplex_forest_zigzag_1, infiniplex_forest_zigzag_1,
          infiniplex_forest_straight_2, infiniplex_forest_lined_2,
          infiniplex_forest_lined_2, uniq_natasha, uniq_crazy_yiuf_cottage
D:3:      first_bread, wad_floor_pattern_1
D:4:      wad_woods_stonehenge, uniq_eustachio, uniq_pikel
D:5:      minmay_crossroads, uniq_sigmund, uniq_edmund
D:6:      basic_altar, minmay_guarded_unrand_vampires_tooth, uniq_grinder,
          uniq_menkaure
D:7:      corexii_shack_village, grunt_ogre_cave
D:8:      marbit_many_paths, uniq_psyche, uniq_maurice
D:9:      kennysheep_mini, overflow_temple_1_default, zombieorc2_lemuel
D:10:     grunt_qazlal_sundering, uniq_grum, uniq_erica
D:11:     lair_0_dummy, nicolae_trove_entry_crystal, trog_wizard
Temple:   dpeg_five_rooms_temple

Skill      XL: |  1  2  3  4  5  6  7  8  9 10 11 |
---------------+----------------------------------+-----
Maces & Flails | 2 3 4 5 9 11 | 11.4
Fighting       | 4 7 9 |  9.2
Armour         | 4 6 7 |  7.4
Dodging        | 2 3 5 6 |  6.6
Shields        | 4 6 7 |  7.2

Action                   |  1- 3 |  4- 6 |  7- 9 | 10-12 || total
-------------------------+-------+-------+-------+-------++-------
Melee: Flail             |    88 |   159 |   502 |   778 ||  1527
       Kick              |       |       |   135 |   306 ||   441
Evoke: Wand              |       |       |       |     3 ||     3
  Use: Scroll            |       |    10 |     6 |    10 ||    26
       Potion            |       |     1 |     4 |     1 ||     6
  Eat: Chunk             |       |     5 |    12 |     9 ||    26
       Beef jerky        |       |       |       |     6 ||     6
       Pizza             |       |       |       |     2 ||     2
Armor: Scale mail        |    61 |    83 |       |       ||   144
       Plate armour      |       |    14 |   274 |   389 ||   677
Dodge: Dodged            |    23 |    52 |   110 |   206 ||   391
Block: Shield            |    55 |   116 |   389 |   589 ||  1149
